AoeStats
← Law the Furious

Arabia

510124219Analyzed
1v1 RM · 3d ago on Sep 29, 2026· 56m 47s· 2 players
Game mode
Random Map
Map size
Tiny (2 player)
Population
200
Speed
Normal
Resources
Standard
Victory
Conquest
Starting age
Dark Age
Ending age
Imperial Age
RankedLock teamsTeams togetherTeam positionsShared explorationLock speedFull tech treeHidden civsTurbo modeCheats
Victory
Defeat
🇪🇸 Bohemians · Spain
1200
+16
🇭🇰 Franks · Hong Kong SAR China
1195
-16
Law the Furious
6:33 Loom
9:11 Feudal Age
9:59 Double-Bit Axe
19:03 Gold Mining
21:47 Castle Age
20:41 Scale Barding Armor
22:42 Bow Saw
23:33 Chain Barding Armor
24:59 Husbandry
31:09 Wheelbarrow
37:06 Imperial Age
35:38 Scale Mail Armor
35:49 Forging
38:01 Hand Cart
39:00 Town Watch
41:58 Chemistry
41:08 Masonry
41:39 Conscription
42:10 Cavalier
48:46 Iron Casting
48:46 Chain Mail Armor
50:32 Chivalry
55:17 Plate Barding Armor
54:34 Light Cavalry
Fer Rari
5:23 Loom
9:59 Feudal Age
11:19 Double-Bit Axe
11:02 Man-at-Arms
14:03 Horse Collar
21:22 Castle Age
20:51 Fletching
22:00 Pikeman
23:11 Fervor
23:14 Scale Mail Armor
25:12 Forging
29:06 Sanctity
29:33 Squires
29:46 Bodkin Arrow
31:17 Bow Saw
33:45 Ballistics
34:03 Chain Mail Armor
35:55 Wheelbarrow
39:54 Imperial Age
38:24 Wagenburg Tactics
40:19 Masonry
41:24 Chemistry
40:59 Conscription
41:02 Halberdier
45:37 Padded Archer Armor
48:07 Leather Archer Armor
48:59 Arson
52:51 Plate Mail Armor
53:15 Houfnice
55:06 Architecture
54:27 Capped Ram
Connection lost

Rejoining the realm…

Still unreachable

The connection could not be restored.

Session expired

The server has moved on; the page needs a fresh start.